 Dungeon Crawl Stone Soup version 0.26-a0-720-g2a1d101370 (console) character file.

Game seed: 14566338012439406332

35 om the Insei (level 3, -2/26 HPs)
             Began as a Merfolk Transmuter on Nov 3, 2020.
             Slain by an iron imp (8 damage)
             ... summoned by Natasha
             ... on level 2 of the Dungeon.
             The game lasted 00:01:03 (1047 turns).

om the Insei (Merfolk Transmuter)                   Turns: 1047, Time: 00:01:03

Health: -2/26      AC:  6    Str: 11    XL:     3   Next: 33%
Magic:  6/6        EV: 11    Int: 12    God:
Gold:   42         SH:  0    Dex: 14    Spells: 5/6 levels left

rFire    + . .     SeeInvis .     - Unarmed
rCold    . . .     Faith    .   (no shield)
rNeg     . . .     Spirit   .   k - +0 ring mail {rF+}
rPois    .         Reflect  .   (helmet currently unavailable)
rElec    .         Harm     .   (no cloak)
rCorr    .         Rampage  .   b - +0 pair of gloves
MR       .....                  (boots currently unavailable)
Stlth    +.........             (no amulet)
HPRegen  0.08/turn              (no ring)
MPRegen  0.10/turn              (no ring)

@: appendages (expiring)
A: change form in water, swift swim, stealthy swim, horns 2
a: End Transformation


You were on level 2 of the Dungeon.
You had grown temporary horns.
You visited 1 branch of the dungeon, and saw 2 of its levels.

You collected 42 gold pieces.

Inventory:

Armour
 b - a +0 pair of gloves (worn)
 d - a +0 troll leather armour
 k - a +0 ring mail of fire resistance (worn)
Jewellery
 e - an uncursed ring of stealth {unknown}
Scrolls
 c - 2 scrolls of identify {unknown}
 h - a scroll of blinking {unknown}
 i - a scroll of magic mapping {unknown}
 j - a scroll of enchant weapon {unknown}
Potions
 a - a potion of curing {unknown}
 f - a potion of mutation {unknown}
 g - a potion of magic {unknown}


   Skills:
 + Level 1.1 Fighting
 + Level 0.4 Armour
 + Level 3.3 Dodging
 + Level 3.9 Unarmed Combat
 + Level 2.2 Spellcasting
 + Level 2.9 Transmutations


You had 5 spell levels left.
You knew the following spells:

 Your Spells              Type           Power        Failure   Level
a - Beastly Appendage     Tmut           #.....       19%         1

Your spell library contained the following spells:

 Spells                   Type           Power        Failure   Level
 Wereblood                Tmut           #.......     28%         2
 Spider Form              Tmut/Pois      #.........   71%         3
 Ice Form                 Ice/Tmut       #.......     98%         4
 Blade Hands              Tmut           #.........   99%         5


Dungeon Overview and Level Annotations

Branches:
Dungeon (2/15)

Altars:

Annotations:
D:2 Natasha


Innate Abilities, Weirdness & Mutations

You revert to your normal form in water.
You are very nimble and swift while swimming.
You are very stealthy in the water. (Stealth+)
You have a pair of horns on your head.


Message History

You are too injured to fight recklessly!
You hit Natasha but do no damage. Your headbutt misses Natasha.
Natasha is almost dead.
Natasha closely misses you.
You miss Natasha.
Natasha is almost dead.
Natasha casts a spell at you. You resist with significant effort.
The crimson imp blinks!
You are too injured to fight recklessly!
You hit Natasha.
Natasha is almost dead.
Natasha completely misses you.
You hit Natasha but do no damage.
Natasha is almost dead.
Natasha claws you.
* * * LOW HITPOINT WARNING * * *
You closely miss Natasha.
Natasha is almost dead.
The iron imp hits you!
You die...

#########
#>.†...'.......
#.......#
#......########
##.####.### #......#
#.# #...# #......#
#.# #...###5######
#.# #...#......# #.#
#.###......# #.# #.#
#......#### #.#
#.###.........# #.#
#..h..........# #.#
#^.5@.........# ##
#.# #.....#'##....#
#. #.#
#.....#.##....######.
#.#
#....................
#.#
#......####.####...#.
#.# #......# #.#
#...## #.# #......#
#.# ##### #.#
#......# #.# #.#
#....... ... #.#
#.#####.. #.# #. ..


You could see an iron imp (summoned), Natasha and a crimson imp (summoned).

Vanquished Creatures
  Natasha (D:2)
  2 dart slugs
  A hobgoblin (D:2)
  A quokka (D:2)
  A frilled lizard (D:1)
  A kobold (D:2)
  A rat (D:2)
8 creatures vanquished.

Notes
Turn   | Place    | Note
-------+----------+-------------------------------------------
     0 | D:1      | om the Merfolk Transmuter began the quest for the Orb.
     0 | D:1      | Reached XP level 1. HP: 15/15 MP: 3/3
   395 | D:1      | You fall into a shaft and drop 1 floor!
   562 | D:2      | Reached XP level 2. HP: 12/21 MP: 3/5
   760 | D:2      | Noticed Natasha
   769 | D:2      | Killed Natasha
   769 | D:2      | Reached XP level 3. HP: 22/26 MP: 4/6
  1028 | D:2      | Noticed Natasha
  1047 | D:2      | Slain by an iron imp

Illustrated notes

Levels and vault maps discovered:
D:1:      sevenhm_arrival_forest_fort_large_2, layout_basic
D:2:      layout_basic, uniq_natasha

Skill      XL: |  1  2 |
---------------+-------+-----
Dodging        | 3 |  3.3
Fighting       | |  1.1
Armour         | |  0.4
Unarmed Combat | |  3.9
Spellcasting   | |  2.2
Transmutations | |  2.9

Action                   || total
-------------------------++-------
Melee: Unarmed           ||    43
       Headbutt          ||     6
 Cast: Beastly Appendage ||     7
Armor: Troll leather arm ||     8
       Robe              ||     1
       Ring mail         ||     1
Dodge: Dodged            ||    22

Table legend: (Time is in decaauts)
 A = Elapsed time spent in this place.
 B = Non-inter-level travel time spent in this place.
 C = Inter-level travel time spent in this place.
 D = Time resting spent in this place.
 E = Time spent auto-exploring this place.
 F = Levels seen in this place.
 G = Mean time per level.
                   A        B        C        D        E       F      G
               +--------+--------+--------+--------+--------+-----+--------+
         Total |   1044 |   1017 |     27 |    344 |    521 |   2 |  522.0 |
       Dungeon |   1044 |   1017 |     27 |    344 |    521 |   2 |  522.0 |
               +--------+--------+--------+--------+--------+-----+--------+

Top non-repeatable levels by time:
     D:2: 650 daAuts
     D:1: 394 daAuts
